[Event "Schachfestival GM 2018"]
[Site "Lueneburg"]
[Date "2018.07.05"]
[Round "1"]
[White "Lubbe, Nikolas"]
[Black "Vorobiov, Evgeny E"]
[Result "0-1"]
[ECO "D70"]
[WhiteElo "2463"]
[BlackElo "2564"]
[Annotator "ChessBase"]
[PlyCount "80"]
[EventDate "2018.07.05"]
[EventType "tourn"]
[EventCountry "GER"]
[SourceTitle "playchess.com"]
[Source "ChessBase"]
[SourceQuality "1"]
[TimeControl "40/5400+30:1800+30"]

1. d4 Nf6 2. c4 g6 3. Nf3 Bg7 4. g3 c5 5. d5 b5 6. Nc3 b4 7. Nb1 d6 8. Nbd2 O-O 9. Bg2 a5 10. a3 Na6 11. O-O bxa3 12. Rxa3 Nb4 13. Ne1 Nd7 14. f4 Nb6 15. e4 e6 16. dxe6 Bxe6 17. Qe2 Re8 18. g4 Ra7 19. f5 Bc8 20. Qf3 Nc6 21. Nd3 Qh4 22. Qd1 Qd8 23. b3 Bb7 24. Bb2 Bxb2 25. Nxb2 Qg5 26. Nd3 Qe3+ 27. Nf2 Ne5 28. Nb1 Rd8 29. Re1 Qg5 30. Nc3 Bc6 31. Ra2 a4 32. Nd5 Bxd5 33. exd5 Kf8 34. fxg6 hxg6 35. h3 Re7 36. Ne4 Qh4 37. bxa4 Nbxc4 38. a5 f5 39. Rf2 Rf7 40. Nd2 Nb2 0-1

[Event "Schachfestival GM 2018"]
[Site "Lueneburg"]
[Date "2018.07.05"]
[Round "1"]
[White "Reuker, Jari"]
[Black "Drozdowski, Kacper"]
[Result "1/2-1/2"]
[ECO "B41"]
[WhiteElo "2377"]
[BlackElo "2455"]
[Annotator "ChessBase"]
[PlyCount "141"]
[EventDate "2018.07.05"]
[EventType "tourn"]
[EventCountry "GER"]
[SourceTitle "playchess.com"]
[Source "ChessBase"]
[SourceQuality "1"]
[TimeControl "40/5400+30:1800+30"]

1. e4 c5 2. Nf3 e6 3. d4 cxd4 4. Nxd4 a6 5. c4 Nf6 6. Nc3 Qc7 7. Be2 Bb4 8. Nc2 Be7 9. Qd3 O-O 10. O-O d6 11. f4 Nbd7 12. b4 b6 13. Bb2 Bb7 14. a3 Rac8 15. Rac1 Qb8 16. Qg3 Rfe8 17. Bd3 e5 18. Nd5 Bxd5 19. exd5 g6 20. Rce1 Nh5 21. Qh3 Qc7 22. f5 Bf6 23. fxg6 hxg6 24. Bf5 gxf5 25. Qxh5 f4 26. Qg4+ Kf8 27. g3 Qxc4 28. Qxd7 Qxc2 29. Qxd6+ Kg7 30. Rxf4 Qg6 31. Rxf6 Qxf6 32. Bxe5 Rxe5 33. Qxe5 Qxe5 34. Rxe5 Rc3 35. a4 Rc4 36. d6 Rd4 37. a5 Rxd6 38. axb6 Rxb6 39. Re4 Rb5 40. Kg2 a5 41. bxa5 Rxa5 42. Kf3 Ra3+ 43. Kf4 Kg6 44. Rb4 Ra1 45. Kg4 f5+ 46. Kf3 Ra6 47. Kf4 Rc6 48. Rd4 Kf6 49. Ra4 Rb6 50. Rd4 Ra6 51. Rb4 Rc6 52. Rb8 Rc4+ 53. Ke3 Rc6 54. Rf8+ Kg6 55. Rg8+ Kf7 56. Rd8 Kf6 57. Kd4 Rc2 58. Rd6+ Kg7 59. Rd7+ Kg6 60. Rd6+ Kg7 61. Ke5 Rxh2 62. Kxf5 Rh5+ 63. Kf4 Ra5 64. g4 Rb5 65. Re6 Ra5 66. g5 Ra1 67. Re4 Rf1+ 68. Kg4 Rg1+ 69. Kf5 Rf1+ 70. Rf4 Rxf4+ 71. Kxf4 1/2-1/2

[Event "Schachfestival GM 2018"]
[Site "Lueneburg"]
[Date "2018.07.05"]
[Round "1"]
[White "Ewert, Hannes"]
[Black "Wachinger, Nikolas"]
[Result "1/2-1/2"]
[ECO "E06"]
[WhiteElo "2318"]
[BlackElo "2340"]
[Annotator "NA"]
[PlyCount "155"]
[EventDate "2018.07.05"]
[EventType "tourn"]
[EventCountry "GER"]
[SourceTitle "playchess.com"]
[Source "ChessBase"]
[SourceQuality "1"]
[TimeControl "40/5400+30:1800+30"]

1. d4 Nf6 2. Nf3 d5 3. c4 e6 4. g3 Be7 5. Bg2 O-O 6. O-O dxc4 7. Qc2 a6 8. Qxc4 b5 9. Qc2 Bb7 10. Nc3 Nbd7 11. Rd1 {[%emt 0:01:00] E05: Open Catalan: 5 Nf3 Be7} c5 (11... Qc8 12. Bf4 c5 13. dxc5 Qxc5 14. Ng5 Qc8 15. Bxb7 Qxb7 16. Nce4 Nxe4 17. Qxe4 Qxe4 18. Nxe4 Nf6 {½-½ (18) Iskandarov,M (2465)-Magalashvili,D (2522) Kahramanmaras 2018}) 12. dxc5 Bxc5 13. Ne5 Bxg2 14. Kxg2 Qc7 15. Nxd7 Nxd7 16. Bf4 $146 ({Predecessor:} 16. Ne4 Rac8 17. Nxc5 Nxc5 {½-½ (29) Schell,W (2055)-Zschunke,W (2045) Bayern 1995}) 16... Qb7+ 17. Qe4 Qa7 18. Bd6 Nf6 19. Qd3 Rfc8 20. Bxc5 Qxc5 21. a3 Ng4 22. Qd4 Ne5 23. a4 b4 24. Na2 Qxd4 25. Rxd4 a5 26. Rc1 h6 27. b3 Rxc1 28. Nxc1 Kf8 29. Re4 f6 (29... Nd7 $11 {remains equal.}) 30. f4 Nd7 31. Rxe6 Rc8 32. Nd3 Rc3 33. Ra6 Nc5 34. Nxc5 Rxc5 35. Rd6 Ke7 36. Rd3 Ke6 37. Kf3 f5 38. h3 Rc1 39. Re3+ Kf6 40. Rd3 h5 41. Rd6+ Ke7 42. Rd5 Ke6 43. Re5+ Kf6 44. Rxa5 Rc3+ 45. Kf2 Rxb3 46. Rb5 g6 47. a5 Ra3 48. Rxb4 $14 Rxa5 49. Rb6+ Kf7 50. Kf3 Ra3+ 51. e3 Rc3 52. Rb5 Kf6 53. Re5 Ra3 54. g4 hxg4+ 55. hxg4 Ra1 56. g5+ Kf7 57. Rb5 Ra7 58. Rb6 Ra2 59. Rb4 Ke7 60. Rb3 Kf7 61. e4 fxe4+ 62. Kxe4 Ra4+ 63. Kf3 Rc4 64. Rb7+ Kf8 65. Rb6 Kf7 66. Rf6+ Kg7 67. Re6 Kf7 68. Re5 Ra4 69. Re4 Ra3+ 70. Kg4 Rb3 71. Ra4 Rc3 72. Ra7+ Kg8 73. Ra4 Kg7 74. f5 gxf5+ 75. Kxf5 Rc7 76. Ra6 Rb7 77. Rg6+ Kf7 78. Rf6+ 1/2-1/2

[Event "Schachfestival GM 2018"]
[Site "Lueneburg"]
[Date "2018.07.05"]
[Round "2"]
[White "Vorobiov, Evgeny E"]
[Black "Wachinger, Nikolas"]
[Result "1/2-1/2"]
[ECO "A04"]
[WhiteElo "2564"]
[BlackElo "2340"]
[Annotator "ChessBase"]
[PlyCount "81"]
[EventDate "2018.07.05"]
[EventType "tourn"]
[EventCountry "GER"]
[SourceTitle "playchess.com"]
[Source "ChessBase"]
[SourceQuality "1"]
[TimeControl "40/5400+30:1800+30"]

1. Nf3 c5 2. c4 Nc6 3. e3 Nf6 4. Be2 g6 5. b3 Bg7 6. Bb2 O-O 7. O-O d6 8. Nc3 a6 9. d4 cxd4 10. exd4 d5 11. h3 Bf5 12. c5 b6 13. Ne5 Nxe5 14. dxe5 Nd7 15. Nxd5 Nxc5 16. b4 Nd7 17. f4 Be4 18. Qd4 Nc5 19. bxc5 Bxd5 20. cxb6 Rb8 21. Ba3 Qxb6 22. Qxb6 Rxb6 23. Rfd1 Be6 24. Bxe7 Re8 25. Ba3 f6 26. Rd6 Rxd6 27. Bxd6 fxe5 28. fxe5 Bf7 29. a4 a5 30. Bb5 Bxe5 31. Bxe5 Rxe5 32. Rc1 Be8 33. Rc8 Kf7 34. Rc7+ Kf6 35. Bxe8 Rxe8 36. Rxh7 Re4 37. Ra7 Rxa4 38. Ra6+ Kg5 39. Kf2 Ra2+ 40. Kf3 Ra3+ 41. Ke4 1/2-1/2

[Event "Schachfestival GM 2018"]
[Site "Lueneburg"]
[Date "2018.07.05"]
[Round "2"]
[White "Malakhatko, Vadim"]
[Black "Ewert, Hannes"]
[Result "1-0"]
[ECO "E37"]
[WhiteElo "2499"]
[BlackElo "2318"]
[Annotator "ChessBase"]
[PlyCount "95"]
[EventDate "2018.07.05"]
[EventType "tourn"]
[EventCountry "GER"]
[SourceTitle "playchess.com"]
[Source "ChessBase"]
[SourceQuality "1"]
[TimeControl "40/5400+30:1800+30"]

1. d4 Nf6 2. c4 e6 3. Nc3 Bb4 4. Qc2 d5 5. a3 Bxc3+ 6. Qxc3 Ne4 7. Qc2 c5 8. dxc5 Nc6 9. Nf3 Qa5+ 10. Bd2 Nxd2 11. Qxd2 dxc4 12. Qxa5 Nxa5 13. e3 Nb3 14. Rd1 Nxc5 15. Bxc4 Ke7 16. b4 Nd7 17. Rc1 Nb6 18. Bd3 Bd7 19. Ne5 Rac8 20. Ke2 h6 21. Nxd7 Nxd7 22. Be4 b6 23. Bb7 Rxc1 24. Rxc1 Rb8 25. Ba6 Kd8 26. f4 Nf6 27. Kd3 Nd5 28. Kd4 Nc7 29. Bc4 Kd7 30. e4 Rd8 31. Ke3 f6 32. h4 Kd6 33. Bb3 e5 34. Ba4 exf4+ 35. Kxf4 Ne6+ 36. Kf5 Ke7 37. Rc3 Rd2 38. g3 Rf2+ 39. Kg6 Rg2 40. Kh7 g5 41. h5 Rh2 42. Kxh6 Rh3 43. Bd1 Rh1 44. Bg4 Re1 45. Bf5 a5 46. Rc6 Nd4 47. Rc7+ Kf8 48. Kg6 1-0

[Event "Schachfestival GM 2018"]
[Site "Lueneburg"]
[Date "2018.07.05"]
[Round "2"]
[White "Lubbe, Nikolas"]
[Black "Winterberg, Lukas"]
[Result "0-1"]
[ECO "A05"]
[WhiteElo "2463"]
[BlackElo "2372"]
[Annotator "ChessBase"]
[PlyCount "36"]
[EventDate "2018.07.05"]
[EventType "tourn"]
[EventCountry "GER"]
[SourceTitle "playchess.com"]
[Source "ChessBase"]
[SourceQuality "1"]
[TimeControl "40/5400+30:1800+30"]

1. Nf3 Nf6 2. c4 e6 3. e3 d5 4. b3 Be7 5. Bb2 O-O 6. Nc3 Nc6 7. d4 b6 8. cxd5 Nxd5 9. Be2 Ncb4 10. Nxd5 Nxd5 11. O-O c5 12. dxc5 Bxc5 13. a3 Bb7 14. b4 Be7 15. Qb3 Bf6 16. Ne5 Bxe5 17. Bxe5 Qg5 18. f4 Nxf4 0-1

[Event "Schachfestival GM 2018"]
[Site "Lueneburg"]
[Date "2018.07.05"]
[Round "2"]
[White "Drozdowski, Kacper"]
[Black "Karpatchev, Aleksandr"]
[Result "1-0"]
[ECO "A28"]
[WhiteElo "2455"]
[BlackElo "2469"]
[Annotator "ChessBase"]
[PlyCount "89"]
[EventDate "2018.07.05"]
[EventType "tourn"]
[EventCountry "GER"]
[SourceTitle "playchess.com"]
[Source "ChessBase"]
[SourceQuality "1"]
[TimeControl "40/5400+30:1800+30"]

1. c4 e5 2. Nc3 Nf6 3. Nf3 Nc6 4. a3 g6 5. e3 Bg7 6. d4 exd4 7. exd4 d6 8. d5 Ne7 9. h3 O-O 10. Be2 Re8 11. O-O h6 12. Re1 a6 13. Bf1 Bd7 14. a4 g5 15. Nd4 Ng6 16. Rxe8+ Qxe8 17. g3 Ne4 18. Nxe4 Qxe4 19. Be3 Ne5 20. Bg2 Qd3 21. Qxd3 Nxd3 22. b3 a5 23. Rb1 Bxd4 24. Bxd4 Bf5 25. Rd1 b6 26. g4 Bg6 27. Bf1 Nb4 28. h4 Re8 29. hxg5 hxg5 30. Bf6 Re4 31. f3 Rf4 32. Bd8 Rxf3 33. Bxc7 Rg3+ 34. Kh2 Rxb3 35. Bxd6 Na6 36. Be7 Nc5 37. d6 Nd7 38. c5 Rb2+ 39. Kg3 Rb3+ 40. Kh2 Rb2+ 41. Kg3 Rb3+ 42. Kf2 Rb2+ 43. Ke1 bxc5 44. Bb5 Ne5 45. Rd5 1-0

[Event "Schachfestival GM 2018"]
[Site "Lueneburg"]
[Date "2018.07.05"]
[Round "2"]
[White "Barath M"]
[Black "Reuker, Jari"]
[Result "1/2-1/2"]
[ECO "E32"]
[WhiteElo "2321"]
[BlackElo "2377"]
[Annotator "NA"]
[PlyCount "67"]
[EventDate "2018.07.05"]
[EventType "tourn"]
[EventCountry "GER"]
[SourceTitle "playchess.com"]
[Source "ChessBase"]
[SourceQuality "1"]
[TimeControl "40/5400+30:1800+30"]

1. d4 Nf6 2. c4 e6 3. Nc3 Bb4 4. Qc2 O-O 5. e4 d5 6. e5 Ne4 7. Bd3 c5 8. Nge2 cxd4 9. Nxd4 Nd7 10. Bf4 Qh4 11. g3 Qh5 12. O-O Bxc3 13. bxc3 g5 14. cxd5 exd5 15. Bxe4 dxe4 16. e6 gxf4 17. exd7 fxg3 18. fxg3 Bxd7 19. Qxe4 b6 20. Nf5 Rae8 21. Qd5 Bxf5 22. Rxf5 Qe2 23. Raf1 Qe3+ 24. R1f2 Qe1+ 25. Kg2 Qe4+ 26. Qxe4 Rxe4 27. Rg5+ Kh8 28. Rd5 Re7 29. a4 Rc8 30. Rf3 Rec7 31. a5 Kg7 32. axb6 axb6 33. Rg5+ Kf8 34. Rb5 1/2-1/2

[Event "Schachfestival GM 2018"]
[Site "Lueneburg"]
[Date "2018.07.08"]
[Round "4"]
[White "Vorobiov, Evgeny E"]
[Black "Malakhatko, Vadim"]
[Result "1/2-1/2"]
[ECO "A06"]
[WhiteElo "2564"]
[BlackElo "2499"]
[Annotator "RC"]
[PlyCount "21"]
[EventDate "2018.07.05"]
[EventType "tourn"]
[EventCountry "GER"]
[SourceTitle "playchess.com"]
[Source "ChessBase"]
[SourceQuality "1"]
[TimeControl "40/5400+30:1800+30"]

1. Nf3 d5 2. g3 g6 3. d4 c6 4. Bg2 Bg7 5. O-O Nf6 6. b3 O-O 7. c4 Bf5 8. Bb2 Ne4 9. Nbd2 Qa5 10. Nxe4 Bxe4 11. e3 1/2-1/2

[Event "Schachfestival GM 2018"]
[Site "Lueneburg"]
[Date "2018.07.08"]
[Round "4"]
[White "Lubbe, Nikolas"]
[Black "Karpatchev, Aleksandr"]
[Result "1-0"]
[ECO "A06"]
[WhiteElo "2463"]
[BlackElo "2469"]
[Annotator "ChessBase"]
[PlyCount "57"]
[EventDate "2018.07.05"]
[EventType "tourn"]
[EventCountry "GER"]
[SourceTitle "playchess.com"]
[Source "ChessBase"]
[SourceQuality "1"]
[TimeControl "40/5400+30:1800+30"]

1. Nf3 d5 2. e3 Nf6 3. c4 e6 4. b3 c5 5. Bb2 Nc6 6. cxd5 exd5 7. Bb5 Be7 8. Ne5 Qb6 9. Nc3 O-O 10. Nxc6 bxc6 11. Be2 c4 12. Na4 Qb5 13. O-O Bf5 14. Rc1 Bd3 15. Bxd3 cxd3 16. Bxf6 Bxf6 17. Qg4 Rfd8 18. Rc5 Qa6 19. Rfc1 Rac8 20. Qf5 Rd6 21. g3 g6 22. Qf4 Re6 23. Qb4 Be7 24. Qc3 Bf6 25. Ra5 Qb7 26. Qxd3 Qb4 27. Rxd5 Qa3 28. Rc2 Ree8 29. Rd7 1-0

[Event "Schachfestival GM 2018"]
[Site "Lueneburg"]
[Date "2018.07.08"]
[Round "4"]
[White "Drozdowski, Kacper"]
[Black "Wachinger, Nikolas"]
[Result "1/2-1/2"]
[ECO "B91"]
[WhiteElo "2455"]
[BlackElo "2340"]
[Annotator "ChessBase"]
[PlyCount "107"]
[EventDate "2018.07.05"]
[EventType "tourn"]
[EventCountry "GER"]
[SourceTitle "playchess.com"]
[Source "ChessBase"]
[SourceQuality "1"]
[TimeControl "40/5400+30:1800+30"]

1. e4 c5 2. Nf3 d6 3. d4 Nf6 4. Nc3 cxd4 5. Nxd4 a6 6. g3 g6 7. Bg2 Bg7 8. O-O O-O 9. h3 Nc6 10. Be3 Bd7 11. Qd2 Rc8 12. Rad1 Qc7 13. Nxc6 Bxc6 14. Bd4 b5 15. a3 a5 16. Nd5 Bxd5 17. exd5 b4 18. axb4 axb4 19. Qxb4 Qxc2 20. Rd2 Qc4 21. Qxc4 Rxc4 22. Re1 Rc7 23. Bb6 Rb7 24. Ba5 Rfb8 25. b4 Kf8 26. Rc2 Nd7 27. Rd1 Nb6 28. Rc6 Na4 29. Rdc1 Bb2 30. Rc8+ Kg7 31. Rxb8 Rxb8 32. Rc4 Nc3 33. Kf1 Rb5 34. Rd4 Ba1 35. Rd3 Bb2 36. f4 h5 37. Bf3 Kf6 38. Kf2 Na2 39. Bd8 Nxb4 40. Rb3 Bd4+ 41. Kg2 Bc5 42. Be2 Rb8 43. Ba5 Kg7 44. Bxb4 Bxb4 45. Kf3 Kf6 46. h4 e5 47. dxe6 Kxe6 48. Bc4+ Kf6 49. Rb2 Kg7 50. Rb3 Rb6 51. Rb2 f6 52. Rb3 Kh6 53. Ke4 Bc5 54. Rxb6 1/2-1/2

[Event "Schachfestival GM 2018"]
[Site "Lueneburg"]
[Date "2018.07.08"]
[Round "4"]
[White "Winterberg, Lukas"]
[Black "Reuker, Jari"]
[Result "1/2-1/2"]
[ECO "D37"]
[WhiteElo "2372"]
[BlackElo "2377"]
[Annotator "NA"]
[PlyCount "130"]
[EventDate "2018.07.05"]
[EventType "tourn"]
[EventCountry "GER"]
[SourceTitle "playchess.com"]
[Source "ChessBase"]
[SourceQuality "1"]
[TimeControl "40/5400+30:1800+30"]

1. d4 Nf6 2. c4 e6 3. Nf3 d5 4. Nc3 dxc4 5. e4 Bb4 6. Bxc4 {[%emt 0:00:13] D24: Angenommenes Damengambit} Nxe4 7. O-O Nxc3 (7... Nf6 8. Qa4+ Nc6 9. Ne5 Rb8 10. d5 exd5 11. Nxd5 Nxd5 12. Nxc6 bxc6 13. Qxc6+ Qd7 14. Bxd5 {½-½ (28) Aronian,L (2764)-Caruana,F (2822) Stavanger 2018}) 8. bxc3 Be7 9. Ne5 O-O 10. Qg4 Nc6 11. Re1 f5 12. Qf3 Nxe5 13. Rxe5 Kh8 14. Bf4 $146 g5 15. Bd2 Bd6 16. Rae1 Bxe5 17. Rxe5 Bd7 18. h4 gxh4 19. Bf4 Rg8 20. Re3 Rg6 21. Be5+ Kg8 22. Qxf5 $1 Qg5 23. Qe4 Rf8 24. Bxc7 Qf6 25. f4 h3 26. Rxh3 Bc6 27. d5 exd5 28. Bxd5+ Bxd5 29. Qxd5+ Qf7 30. c4 {[%emt 0:01:01] [#]} b5 $1 31. Be5 bxc4 32. Qe4 Qe6 33. Rc3 Rd8 34. f5 Qb6+ 35. Kf1 Qc6 36. Qxc4+ Qxc4+ 37. Rxc4 Rb6 ({Black should try} 37... Ra6 $19 38. Rg4+ Kf8) 38. Bd4 Rb7 39. Ke2 Kf7 40. Bc3 Re7+ 41. Kf3 Rd1 (41... Rd3+ $17 42. Kf4 Re2) 42. Bb4 Rf1+ 43. Kg4 Rd7 ({Black should play} 43... Re5 $17 44. Rc7+ Ke8) 44. a3 Rf2 45. g3 h6 46. Bc3 Rc2 47. Rc6 Rd3 48. Rf6+ Ke7 49. Re6+ Kd7 50. Bb4 a5 51. Bxa5 Rc4+ 52. Kh3 Rxa3 53. Bd2 h5 54. Rh6 Rg4 55. Be1 Re4 56. Bd2 Rg4 57. Be1 Re4 58. Bd2 Ra1 59. Bf4 Rh1+ 60. Kg2 Ree1 61. Rh7+ Ke8 62. f6 Rhg1+ 63. Kf3 Rgf1+ 64. Kg2 $11 Rg1+ 65. Kf3 Rgf1+ {[%emt 0:00:13] Ke4} 1/2-1/2

[Event "Schachfestival GM 2018"]
[Site "Lueneburg"]
[Date "2018.07.08"]
[Round "4"]
[White "Barath M"]
[Black "Ewert, Hannes"]
[Result "1/2-1/2"]
[ECO "E34"]
[WhiteElo "2321"]
[BlackElo "2318"]
[Annotator "ChessBase"]
[PlyCount "138"]
[EventDate "2018.07.05"]
[EventType "tourn"]
[EventCountry "GER"]
[SourceTitle "playchess.com"]
[Source "ChessBase"]
[SourceQuality "1"]
[TimeControl "40/5400+30:1800+30"]

1. d4 Nf6 2. c4 e6 3. Nc3 Bb4 4. Qc2 d5 5. cxd5 Qxd5 6. Nf3 O-O 7. e3 c5 8. Bd2 Bxc3 9. Bxc3 Nc6 10. dxc5 Qxc5 11. a3 Nd5 12. Bd3 g6 13. Bd2 Qxc2 14. Bxc2 f6 15. e4 Nc7 16. e5 fxe5 17. Bh6 Rd8 18. Bg5 Rf8 19. Rd1 Nd5 20. O-O Bd7 21. Rfe1 Rac8 22. Bb1 Kg7 23. Nxe5 Nxe5 24. Rxe5 Rf7 25. Bh4 Nf4 26. Bg5 Nd5 27. f3 Nb6 28. Re2 Nc4 29. Ba2 b5 30. Bh4 a5 31. Rc2 Ne3 32. Rxc8 Nxd1 33. Rc2 Ne3 34. Re2 Nd5 35. Bg3 Bc8 36. Be5+ Kf8 37. Rc2 Bd7 38. Rc5 Nf4 39. Bd6+ Kg7 40. Be5+ Kf8 41. Bb1 Ke7 42. Be4 Rf8 43. Kf2 a4 44. h4 Nd5 45. h5 Kf7 46. hxg6+ hxg6 47. Rc1 Rc8 48. Rh1 Nf6 49. Bd3 Rc5 50. Bc3 Rh5 51. Rxh5 gxh5 52. Ke3 Nd5+ 53. Kd4 Ke7 54. Kc5 Ne3 55. Bd2 Nc4 56. Bg5+ Kf7 57. Bc1 Na5 58. Kd6 Be8 59. Be4 Kf6 60. Bd3 Nc4+ 61. Kc5 h4 62. Bxc4 bxc4 63. Kxc4 Bc6 64. Kb4 Kf5 65. Be3 e5 66. b3 axb3 67. Kxb3 e4 68. fxe4+ Bxe4 69. Bf2 Ke5 1/2-1/2

[Event "Schachfestival GM 2018"]
[Site "Lueneburg"]
[Date "2018.07.10"]
[Round "6"]
[White "Lubbe, Nikolas"]
[Black "Wachinger, Nikolas"]
[Result "1/2-1/2"]
[ECO "D02"]
[WhiteElo "2463"]
[BlackElo "2340"]
[Annotator "ChessBase"]
[PlyCount "26"]
[EventDate "2018.07.05"]
[EventType "tourn"]
[EventCountry "GER"]
[SourceTitle "playchess.com"]
[Source "ChessBase"]
[SourceQuality "1"]
[TimeControl "40/5400+30:1800+30"]

1. d4 Nf6 2. Nf3 d5 3. Bf4 c5 4. e3 Nc6 5. c3 Qb6 6. Qc1 Bf5 7. Nbd2 cxd4 8. exd4 Rc8 9. Be2 Nb4 10. O-O Bd3 11. Qd1 Bc2 12. Qc1 Bd3 13. Qd1 Bc2 1/2-1/2

[Event "Schachfestival GM 2018"]
[Site "Lueneburg"]
[Date "2018.07.10"]
[Round "6"]
[White "Winterberg, Lukas"]
[Black "Ewert, Hannes"]
[Result "1/2-1/2"]
[ECO "E12"]
[WhiteElo "2372"]
[BlackElo "2318"]
[Annotator "NA"]
[PlyCount "75"]
[EventDate "2018.07.05"]
[EventType "tourn"]
[EventCountry "GER"]
[SourceTitle "playchess.com"]
[Source "ChessBase"]
[SourceQuality "1"]
[TimeControl "40/5400+30:1800+30"]

1. d4 Nf6 2. c4 e6 3. Nf3 b6 4. a3 Bb7 5. Nc3 d5 6. cxd5 Nxd5 7. Qc2 Nxc3 8. Qxc3 Nd7 9. Bg5 Qc8 10. g3 Bd6 11. Bg2 O-O 12. O-O h6 13. Bf4 Bxf4 14. gxf4 c5 15. Rac1 Rd8 16. Qe3 Qb8 17. dxc5 bxc5 18. Rfd1 Bd5 19. Rd2 Qb7 20. Rcd1 Nf6 21. Ne5 Rdc8 22. Qg3 Rab8 23. Ng4 Nxg4 24. Qxg4 Bxg2 25. Qxg2 Qxg2+ 26. Kxg2 Rc7 27. e3 Rb3 28. Rd8+ Kh7 29. R1d7 Rxd7 30. Rxd7 Kg6 31. Rc7 Rxb2 32. Rxc5 Rb6 33. a4 Kf6 34. Kf3 Ra6 35. a5 Rd6 36. Rc7 Ra6 37. Rc5 Rd6 38. Rc7 {Ke5 Ke4+} 1/2-1/2

[Event "Schachfestival GM 2018"]
[Site "Lueneburg"]
[Date "2018.07.11"]
[Round "7"]
[White "Wachinger, Nikolas"]
[Black "Winterberg, Lukas"]
[Result "0-1"]
[ECO "B12"]
[WhiteElo "2340"]
[BlackElo "2372"]
[Annotator "NA"]
[PlyCount "54"]
[EventDate "2018.07.05"]
[EventType "tourn"]
[EventCountry "GER"]
[SourceTitle "playchess.com"]
[Source "ChessBase"]
[SourceQuality "1"]
[TimeControl "40/5400+30:1800+30"]

1. e4 c6 2. d4 d5 3. e5 c5 4. dxc5 e6 5. a3 Bxc5 6. b4 Bb6 7. Qg4 Ne7 8. Qxg7 Rg8 9. Qxh7 Bd4 10. Ra2 Bxe5 11. Nf3 Bf6 12. Bb2 Bxb2 13. Rxb2 Qc7 14. c4 a5 15. Rc2 Nbc6 16. b5 Ne5 17. cxd5 Nxf3+ 18. gxf3 Qe5+ 19. Qe4 Qa1 20. Rd2 exd5 21. Rxd5 f5 22. Qe5 Qxb1+ 23. Rd1 Qb3 24. b6 Qe6 25. Bb5+ Kf7 26. f4 Nc6 27. Bxc6 Qxc6 0-1

[Event "Schachfestival GM 2018"]
[Site "Lueneburg"]
[Date "2018.07.12"]
[Round "8"]
[White "Reuker, Jari"]
[Black "Wachinger, Nikolas"]
[Result "1/2-1/2"]
[ECO "E32"]
[WhiteElo "2377"]
[BlackElo "2340"]
[Annotator "NA"]
[PlyCount "166"]
[EventDate "2018.07.05"]
[EventType "tourn"]
[EventCountry "GER"]
[SourceTitle "playchess.com"]
[Source "ChessBase"]
[SourceQuality "1"]
[TimeControl "40/5400+30:1800+30"]

1. d4 Nf6 2. c4 e6 3. Nc3 Bb4 4. Qc2 O-O 5. a3 Bxc3+ 6. Qxc3 d5 7. Bg5 dxc4 {[%emt 0:00:12] E36: Nimzo-Indian: Classical: 4...d5 5 a3} 8. Qxc4 b6 9. Rd1 Ba6 10. Qa4 h6 11. Bh4 Qe7 12. Nf3 Rd8 13. g4 (13. e3 Bxf1 14. Rxf1 c5 15. dxc5 Rxd1+ 16. Qxd1 {½-½ (24) Mamedyarov,S (2808)-Nakamura,H (2769) Stavanger 2018}) 13... Bb7 14. Bg2 {[%emt 0:09:31] [#]} Nbd7 $146 ({Predecessor:} 14... c5 15. dxc5 {1-0 (39) Morozevich,A (2692)-Oparin,G (2563) Moscow 2015}) 15. O-O c5 16. h3 cxd4 17. Qxd4 Nc5 18. Qe5 Rxd1 19. Rxd1 Rd8 20. Rd4 Rxd4 21. Qxd4 Nce4 22. g5 hxg5 23. Nxg5 Nxg5 24. Bxg5 e5 25. Qd3 Bxg2 26. Kxg2 Qb7+ 27. f3 Nh5 28. Qd6 e4 29. Bd2 exf3+ 30. exf3 Qc8 31. Qe5 Nf6 32. Bc3 Ne8 33. h4 Qd7 34. h5 f6 35. Qe4 Qf7 36. Qg4 f5 37. Qg6 Nc7 38. Kg3 Ne6 39. Be5 Qxg6+ 40. hxg6 Kf8 41. Kf2 Ke7 42. Ke3 Kd7 43. Kd3 b5 44. Kc3 a5 45. Kb3 Kc6 46. Bc3 a4+ 47. Kb4 Nf4 48. Bxg7 Nxg6 49. b3 axb3 50. Kxb3 Nh4 51. f4 Ng6 52. Bh6 Kc5 53. Kc3 Kd5 54. Kb4 Kc6 55. Kc3 Kc5 56. Bg5 Kd5 57. Kb4 Kc6 58. Kc3 Kc5 59. Bh6 Nh4 60. Bf8+ Kd5 61. Kb4 Kc6 62. Kc3 Nf3 63. Be7 Kd5 64. Bf6 Ng1 65. Kb4 Kc6 66. Bd4 Ne2 67. Be5 Ng3 68. a4 bxa4 69. Kxa4 Kd5 70. Kb3 Ke4 71. Kc2 Ne2 72. Kd2 Nxf4 73. Bb8 Nd3 74. Ke2 Ne5 75. Bxe5 Kxe5 76. Ke3 f4+ 77. Kf3 $11 Kf5 78. Kf2 Ke4 79. Ke2 f3+ 80. Kf2 Kf4 81. Kf1 Ke3 82. Ke1 f2+ 83. Kf1 Kf3 1/2-1/2

[Event "Schachfestival GM 2018"]
[Site "Lueneburg"]
[Date "2018.07.13"]
[Round "9"]
[White "Malakhatko, Vadim"]
[Black "Reuker, Jari"]
[Result "*"]
[WhiteElo "2499"]
[BlackElo "2377"]
[Annotator "ChessBase"]
[PlyCount "37"]
[EventDate "2018.07.05"]
[EventType "tourn"]
[EventCountry "GER"]
[SourceTitle "playchess.com"]
[Source "ChessBase"]
[SourceQuality "1"]
[TimeControl "40/5400+30:1800+30"]

1. c4 Nf6 2. Nf3 e6 3. g3 d5 4. Bg2 Be7 5. O-O O-O 6. d4 dxc4 7. Ne5 Nc6 8. Nxc6 bxc6 9. Na3 Bxa3 10. bxa3 Rb8 11. Qa4 Qxd4 12. Be3 Qe5 13. Qxc4 Nd5 14. Bc5 Nb6 15. Qc2 Rd8 16. f4 Qf6 17. Rad1 Bb7 18. a4 a5 19. e3 *

[Event "Schachfestival GM 2018"]
[Site "Lueneburg"]
[Date "2018.07.13"]
[Round "9"]
[White "Drozdowski, Kacper"]
[Black "Winterberg, Lukas"]
[Result "*"]
[WhiteElo "2455"]
[BlackElo "2372"]
[Annotator "ChessBase"]
[PlyCount "39"]
[EventDate "2018.07.05"]
[EventType "tourn"]
[EventCountry "GER"]
[SourceTitle "playchess.com"]
[Source "ChessBase"]
[SourceQuality "1"]
[TimeControl "40/5400+30:1800+30"]

1. e4 c6 2. c4 d5 3. cxd5 cxd5 4. exd5 Nf6 5. Qa4+ Nbd7 6. Nc3 g6 7. Nf3 Bg7 8. Bc4 O-O 9. d3 a6 10. Qa3 Re8 11. O-O Bf8 12. Be3 b6 13. Bb5 e6 14. Qa4 Bb7 15. Bc6 Bxc6 16. dxc6 Nc5 17. Qh4 Nd5 18. Bg5 Qc7 19. Ne4 Nxd3 20. Rad1 *

[Event "Schachfestival GM 2018"]
[Site "Lueneburg"]
[Date "2018.07.13"]
[Round "9"]
[White "Wachinger, Nikolas"]
[Black "Karpatchev, Aleksandr"]
[Result "*"]
[WhiteElo "2340"]
[BlackElo "2469"]
[Annotator "ChessBase"]
[PlyCount "33"]
[EventDate "2018.07.05"]
[EventType "tourn"]
[EventCountry "GER"]
[SourceTitle "playchess.com"]
[Source "ChessBase"]
[SourceQuality "1"]
[TimeControl "40/5400+30:1800+30"]

1. e4 e5 2. Nf3 Nc6 3. d4 exd4 4. Nxd4 Bc5 5. Nb3 Bb6 6. Nc3 Nf6 7. Bg5 h6 8. Bh4 d6 9. a4 a6 10. Qd2 Be6 11. O-O-O Nxe4 12. Qf4 Ng5 13. Ne4 f6 14. Nec5 Bc8 15. Bc4 Qe7 16. Rhe1 Ne5 17. Qg3 *

[Event "Schachfestival GM 2018"]
[Site "Lueneburg"]
[Date "2018.07.13"]
[Round "9"]
[White "Barath, Madhan"]
[Black "Lubbe, Nikolas"]
[Result "*"]
[ECO "E90"]
[WhiteElo "2321"]
[BlackElo "2463"]
[Annotator "ChessBase"]
[PlyCount "35"]
[EventDate "2018.07.05"]
[EventType "tourn"]
[EventCountry "GER"]
[SourceTitle "playchess.com"]
[Source "ChessBase"]
[SourceQuality "1"]
[TimeControl "40/5400+30:1800+30"]

1. d4 Nf6 2. c4 c5 3. d5 g6 4. Nc3 Bg7 5. e4 d6 6. Nf3 O-O 7. Bd3 e6 8. h3 exd5 9. exd5 Re8+ 10. Be3 Bh6 11. O-O Bxe3 12. fxe3 Nbd7 13. e4 a6 14. a4 Kg7 15. Rf2 Qe7 16. Qd2 Ng8 17. Raf1 f6 18. e5 *